Map: Lost and Found LE

Players

ShoWTimE - Winner!

  • Race: Protoss Protoss
  • Spawn Location: 7:00

MarineLorD

  • Race: Terran Terran
  • League: Master
  • Spawn Location: 1:00

Event: HomeStory Cup XVIII

VOD

Have the link to the VOD?

Description

Time

  • Played on: Nov. 22, 2018, 9:58 a.m.
  • Length: 9:15

All games in this series

Show
View Real Time Build Order
Export as new Build Order

ShoWTimE Protoss - Winner!

Build Orders: 1 Gate Expand, Oracle Opening 

Get SALT Encoding   

  12  0:00  Probe  
  13  0:12  Probe  
  14  0:16  Pylon  
  14  0:24  Probe  
  15  0:32  Probe  
  15  0:37  Gateway  
  15  0:40  Probe  
  16  0:46  Assimilator  
  17  0:51  Probe  
  18  1:03  Probe  
  19  1:15  Probe  
  20  1:23  Nexus  
  20  1:33  Cybernetics Core  
  20  1:36  Probe  
  21  1:42  Assimilator  
  21  1:48  Probe  
  21  1:52  Pylon  
  22  2:00  Probe  
  22  2:01  Adept  
  23  2:13  Probe  
  23  2:15  Stargate  
  26  2:19  Adept  
  26  2:22  Warp Gate  
  26  2:25  Probe  
  29  2:31  Probe  
  31  2:37  Probe  
  31  2:39  Probe  
  32  2:45  Adept  
  32  2:49  Probe x2  
  36  2:51  Oracle  
  36  3:01  Probe x2  
  41  3:08  Pylon  
  41  3:13  Probe  
  41  3:17  Probe  
  43  3:21  Oracle  
  43  3:25  Probe  
  44  3:29  Probe  
  44  3:32  Gateway  
  48  3:34  Gateway  
  48  3:37  Probe  
  48  3:40  Pylon  
  49  3:41  Probe  
  49  3:45  Assimilator  
  50  3:49  Probe  
  50  3:54  Oracle, Probe  
  52  4:02  Probe  
  56  4:06  Probe  
  56  4:08  Pylon  
  57  4:14  Nexus, Probe  
  58  4:18  Probe  
  58  4:22  Assimilator  
  59  4:26  Probe  
  59  4:31  Adept x3  
  62  4:32  Probe  
  62  4:38  Probe  
  68  4:39  Pylon  
  68  4:46  Forge  
  68  4:47  Twilight Council, Probe  
  68  4:52  Probe  
  70  4:53  Pylon  
  70  4:59  Probe  
  71  5:04  Probe  
  72  5:10  Blink  
  72  5:11  Probe  
  72  5:12  Protoss Ground Weapons Level 1  
  69  5:16  Probe  
  70  5:23  Probe  
  70  5:24  Sentry x2, Stalker  
  70  5:28  Probe x2  
  74  5:35  Probe  
  69  5:37  Robotics Facility  
  69  5:39  Photon Cannon  
  69  5:40  Photon Cannon  
  69  5:41  Photon Cannon  
  69  5:45  Probe x2  
  69  5:47  Probe  
  72  5:51  Gateway  
  72  5:52  Gateway  
  72  5:54  Gateway  
  72  5:57  Sentry  
  72  6:01  Stalker  
  72  6:02  Stalker  
  78  6:10  Gateway  
  78  6:11  Gateway  
  78  6:17  Pylon  
  78  6:18  Observer  
  78  6:19  Probe x2  
  78  6:20  Probe  
  82  6:28  Pylon  
  82  6:30  Stalker x3  
  88  6:33  Probe x2  
  88  6:34  Probe  
  88  6:36  Immortal  
  88  6:38  Robotics Bay  
  91  6:40  Assimilator  
  91  6:44  Assimilator  
  95  6:53  Probe  
  90  6:54  Probe  
  90  6:57  Protoss Ground Armor Level 1  
  88  7:04  Probe  
  88  7:05  Probe  
  88  7:06  Charge, Probe  
  91  7:11  Colossus  
  91  7:13  Stalker x5  
  101  7:16  Probe  
  101  7:17  Probe  
  101  7:22  Pylon, Probe  
  104  7:28  Probe  
  111  7:30  Pylon  
  111  7:32  Extended Thermal Lance  
  111  7:40  Zealot x3  
  111  7:41  Zealot x2  
  121  7:44  Probe  
  122  7:56  Pylon x2  
  122  8:03  Colossus  
  128  8:16  Pylon  
  128  8:17  Stalker x6  
  140  8:27  Forge  
  140  8:32  Pylon  
  140  8:33  Nexus  
  140  8:38  Photon Cannon  
  140  8:39  Shield Battery  
  140  8:48  Pylon x2  
  140  8:52  Zealot x2  
  144  8:56  Pylon  
  138  9:09  Stalker x4  
Show
View Real Time Build Order
Export as new Build Order

MarineLorD Terran 

Build Orders: Gas First Reaper Expand, Reaper Expand 

Get SALT Encoding   

  12  0:00  SCV  
  13  0:12  SCV  
  14  0:17  Supply Depot  
  14  0:24  SCV  
  15  0:32  Refinery  
  15  0:38  SCV  
  16  0:43  Barracks  
  16  0:50  SCV  
  17  1:02  SCV  
  18  1:15  SCV  
  19  1:30  Reaper, Orbital Command  
  20  1:46  Command Center  
  20  1:53  Factory  
  20  1:57  SCV  
  21  2:05  Supply Depot  
  21  2:09  SCV  
  21  2:10  Barracks Reactor  
  22  2:18  Refinery  
  22  2:21  SCV  
  23  2:33  SCV  
  24  2:40  Factory Tech Lab  
  24  2:45  SCV  
  24  2:47  Marine x2  
  27  2:57  SCV, Orbital Command  
  28  3:00  Armory  
  28  3:05  Marine x2  
  28  3:09  SCV  
  34  3:12  Siege Tank  
  34  3:21  SCV  
  34  3:23  Marine x2, SCV  
  38  3:32  Supply Depot  
  38  3:34  SCV  
  39  3:37  SCV  
  39  3:41  Marine x2  
  40  3:47  SCV  
  40  3:48  Drilling Claws  
  43  3:49  Siege Tank  
  43  3:54  SCV  
  43  3:55  Supply Depot  
  47  3:59  Marine x2, SCV  
  50  4:06  SCV  
  50  4:10  Starport  
  50  4:13  SCV  
  50  4:16  Marine  
  50  4:17  Marine  
  52  4:18  SCV  
  52  4:22  Widow Mine  
  56  4:26  SCV  
  56  4:30  SCV  
  58  4:34  Marine x2, Command Center  
  60  4:39  SCV  
  60  4:42  Supply Depot x2  
  61  4:52  Supply Depot, SCV  
  62  4:55  Barracks  
  62  4:59  Barracks  
  62  5:03  Widow Mine, Marine x2, Medivac, SCV  
  62  5:05  SCV  
  70  5:07  Supply Depot  
  70  5:11  Engineering Bay  
  61  5:15  SCV  
  61  5:17  SCV  
  51  5:27  SCV  
  43  5:29  SCV  
  40  5:39  SCV  
  40  5:42  SCV  
  41  5:43  Terran Infantry Weapons Level 1  
  41  5:48  Widow Mine x2  
  45  5:52  SCV  
  45  5:53  Orbital Command  
  45  5:55  Barracks Tech Lab  
  45  5:56  Barracks Reactor  
  46  5:59  Stimpack  
  46  6:01  SCV  
  47  6:04  SCV  
  47  6:09  Marauder  
  50  6:14  Widow Mine x2, SCV  
  50  6:15  Medivac  
  50  6:17  SCV  
  58  6:19  SCV  
  58  6:22  Marauder  
  61  6:26  SCV  
  61  6:29  Refinery, SCV  
  61  6:31  SCV  
  64  6:34  Marauder  
  64  6:36  Marine x2  
  64  6:37  Missile Turret  
  64  6:38  SCV  
  64  6:39  Widow Mine  
  71  6:41  Widow Mine  
  71  6:42  SCV  
  71  6:46  SCV  
  75  6:53  Marauder  
  75  6:54  Marine  
  73  6:59  Starport Reactor  
  73  7:00  Widow Mine, Marine  
  73  7:01  Marauder  
  75  7:02  Widow Mine  
  75  7:08  SCV x2  
  79  7:09  Refinery, Orbital Command  
  79  7:16  Marine, Marauder  
  79  7:17  Missile Turret  
  79  7:18  Marine  
  83  7:23  SCV  
  83  7:27  Marauder  
  83  7:28  Widow Mine x2  
  90  7:30  SCV  
  90  7:35  SCV x2  
  93  7:39  Medivac x2  
  93  7:42  SCV  
  98  7:47  SCV  
  98  7:49  Widow Mine x2  
  98  7:50  Engineering Bay  
  103  7:52  Barracks  
  103  7:54  Supply Depot, SCV  
  103  7:55  Supply Depot, Barracks  
  103  7:57  SCV  
  105  8:03  Marine x2  
  105  8:04  Marauder  
  109  8:07  Marauder  
  109  8:16  SCV x2  
  109  8:17  SCV  
  112  8:21  Marine  
  112  8:25  Marauder  
  112  8:26  Missile Turret  
  115  8:28  Marauder, Refinery  
  115  8:29  Refinery, SCV  
  116  8:35  SCV  
  116  8:36  Medivac x2  
  116  8:38  Marine  
  116  8:40  SCV  
  124  8:41  SCV  
  124  8:47  Supply Depot x2, SCV  
  123  8:48  Supply Depot  
  123  8:51  Marauder, Barracks Reactor, Barracks Tech Lab  
  125  9:01  SCV x2  
  125  9:02  SCV  
Tags
 
Add a new tag
Caveats
  • Supply blocks, unpowered buildings, or Contaminate may cause inaccurate times.
  • Supply counts are checked every 10 seconds.